Map: Ever Dream LE

Players

redbusman - Winner!

  • Race: Terran Terran
  • League: Silver
  • Spawn Location: 1:00

Zolrak

  • Race: Protoss Protoss
  • Spawn Location: 7:00

VOD

Have the link to the VOD?

Description

Time

  • Played on: July 20, 2020, 11:22 p.m.
  • Length: 11:09
Show
View Real Time Build Order
Export as new Build Order

redbusman Terran - Winner!

Build Orders:  

Get SALT Encoding   

  12  0:01  SCV  
  13  0:13  SCV  
  14  0:18  Supply Depot  
  14  0:25  Supply Depot  
  14  0:27  SCV  
  15  0:41  Refinery  
  15  0:46  SCV  
  15  0:49  Barracks  
  16  0:59  SCV  
  17  1:11  SCV  
  18  1:31  SCV  
  19  1:41  Command Center  
  19  1:42  Marine  
  19  1:45  Orbital Command  
  20  2:02  Factory  
  20  2:12  SCV  
  21  2:24  Refinery, SCV  
  21  2:26  Supply Depot  
  22  2:36  Barracks Reactor  
  22  2:42  SCV  
  23  2:53  Orbital Command  
  23  2:54  SCV  
  24  3:05  Factory Tech Lab  
  24  3:12  Starport  
  24  3:18  Supply Depot  
  24  3:27  Marine x2  
  24  3:28  Engineering Bay  
  26  3:35  SCV  
  26  3:39  SCV  
  28  3:45  Marine x2  
  28  3:47  SCV  
  31  3:51  SCV  
  32  3:59  Terran Infantry Weapons Level 1, SCV  
  33  4:02  Marine  
  33  4:03  Marine  
  33  4:04  SCV  
  33  4:05  Barracks  
  33  4:06  Starport Tech Lab  
  36  4:12  SCV  
  36  4:16  SCV  
  38  4:20  Marine x2  
  38  4:24  SCV  
  41  4:28  Refinery, SCV  
  42  4:36  SCV  
  42  4:38  Marine x2  
  45  4:48  SCV  
  46  4:56  Marine x2  
  46  4:57  Barracks  
  48  5:03  Medivac  
  50  5:14  Marine x2  
  52  5:32  Marine x2, Missile Turret  
  54  5:44  Medivac  
  54  5:47  Supply Depot x2  
  54  5:49  Marine x2  
  56  5:52  Supply Depot  
  58  5:58  Marine x2  
  60  6:04  Combat Shield  
  60  6:06  Stimpack  
  60  6:07  Marine x2  
  60  6:09  Factory Tech Lab  
  62  6:11  Supply Depot  
  62  6:13  Medivac  
  62  6:15  Marine  
  62  6:16  Marine  
  66  6:24  Command Center  
  66  6:25  Marine x2  
  67  6:32  SCV  
  69  6:33  Marine x2  
  71  6:41  Supply Depot  
  71  6:43  Marine x2, Medivac  
  71  6:44  SCV  
  76  6:51  Marine x2  
  76  6:53  Supply Depot  
  78  6:56  SCV  
  78  6:58  SCV  
  78  7:01  Marine x2  
  82  7:08  SCV  
  82  7:09  Marine x2  
  82  7:10  SCV  
  82  7:13  Terran Infantry Armor Level 1, Medivac  
  88  7:18  Marine, Armory  
  88  7:19  Marine  
  90  7:24  Engineering Bay  
  90  7:27  Marine x2, SCV  
  93  7:36  Marine x2  
  95  7:38  Cyclone  
  95  7:43  Medivac  
  100  7:44  Marine  
  100  7:45  Marine  
  102  7:54  Marine x2  
  102  7:55  Barracks  
  104  8:00  Barracks  
  104  8:01  Refinery  
  104  8:02  Marine x2  
  106  8:10  Cyclone  
  109  8:13  Medivac  
  111  8:25  Planetary Fortress  
  111  8:31  Marine x3  
  111  8:32  Marine  
  115  8:42  Cyclone  
  118  8:49  Marine x4  
  122  9:07  Marine x2  
  115  9:12  Marine x2  
  107  9:25  Marine x2  
  107  9:30  Marine x2  
  111  9:42  Marine  
  111  9:43  Marine  
  113  9:48  Marine x2  
  94  10:00  Marine x2  
  94  10:06  Marine x2  
  76  10:21  Marine  
  76  10:22  Marine  
  76  10:24  Marine x2  
  80  10:39  Marine x2  
  80  10:41  Marine x2  
  84  10:52  Barracks Reactor  
  84  11:01  Barracks Reactor  
Show
View Real Time Build Order
Export as new Build Order

Zolrak Protoss 

Build Orders:  

Get SALT Encoding   

  12  0:03  Probe  
  13  0:24  Probe  
  13  0:25  Pylon  
  14  0:36  Probe  
  15  0:45  Gateway  
  15  0:48  Probe  
  16  0:52  Assimilator  
  16  1:00  Probe  
  17  1:12  Probe  
  18  1:24  Probe  
  19  1:33  Assimilator  
  19  1:34  Zealot  
  19  1:37  Probe  
  22  1:47  Cybernetics Core  
  22  1:49  Probe  
  23  2:10  Pylon  
  23  2:13  Warp Gate  
  23  2:18  Stalker  
  23  2:25  Nexus  
  23  2:28  Probe  
  26  2:40  Gateway, Probe  
  27  2:49  Stalker  
  29  2:52  Probe  
  30  3:04  Probe  
  31  3:09  Robotics Facility  
  31  3:20  Twilight Council  
  31  3:36  Stalker  
  31  3:37  Probe x2  
  31  3:39  Pylon  
  35  3:45  Probe  
  35  3:49  Pylon, Probe  
  35  3:54  Probe  
  37  4:00  Gateway  
  38  4:04  Stalker  
  38  4:05  Blink  
  38  4:06  Probe  
  38  4:09  Shield Battery  
  41  4:19  Probe  
  41  4:21  Observer  
  43  4:29  Pylon  
  43  4:31  Pylon  
  43  4:34  Stalker  
  43  4:36  Probe  
  46  4:41  Assimilator  
  46  4:42  Observer  
  47  4:48  Probe  
  48  5:00  Probe  
  48  5:04  Immortal  
  53  5:14  Stalker x2  
  55  5:17  Probe  
  58  5:25  Sentry  
  60  5:29  Probe  
  61  5:39  Stalker  
  61  5:41  Probe  
  61  5:42  Warp Prism  
  66  5:53  Probe  
  67  6:14  Probe  
  67  6:18  Assimilator  
  68  6:19  Immortal  
  72  6:26  Probe  
  72  6:30  Templar Archives  
  73  6:34  Robotics Bay  
  73  6:38  Gateway  
  73  6:40  Pylon  
  73  6:42  Zealot x2  
  77  6:48  Probe  
  78  6:58  Pylon  
  78  7:01  Probe  
  79  7:08  Psionic Storm  
  79  7:09  Pylon  
  79  7:11  Dark Shrine  
  79  7:13  Probe  
  79  7:14  Immortal  
  84  7:35  Zealot x2  
  88  7:37  High Templar  
  90  7:54  Shield Battery  
  90  8:00  Forge  
  90  8:04  Forge  
  90  8:24  Gravitic Boosters, Nexus  
  90  8:39  Pylon  
  90  8:54  Protoss Ground Weapons Level 1, Protoss Shields Level 1  
  90  8:56  Colossus  
  86  9:08  Zealot x3  
  57  9:17  High Templar  
  57  9:21  Gravitic Drive  
  49  9:30  High Templar  
  41  9:38  Zealot x2  
  14  10:11  Zealot  
  6  10:15  Probe  
  6  10:18  Probe  
  8  10:23  Probe  
  7  10:33  Probe  
  6  10:41  Pylon  
  7  10:45  Probe, Pylon  
  7  10:48  High Templar  
  10  10:57  Probe  
Tags
 
League
Silver
Matchup
PvT
Spawn Locations
Cross Positions
Add a new tag
Caveats
  • Supply blocks, unpowered buildings, or Contaminate may cause inaccurate times.
  • Supply counts are checked every 10 seconds.